AoeStats
← The Slayer

Black Forest

509530304Analyzed
4v4 RM · 4d ago on Sep 27, 2026· 50m 16s· 8 players
Game mode
Random Map
Map size
Large (8 player)
Population
200
Speed
Normal
Resources
Standard
Victory
Conquest
Starting age
Dark Age
Ending age
Imperial Age
RankedLock teamsTeams togetherTeam positionsShared explorationLock speedFull tech treeHidden civsTurbo modeCheats
Victory
Defeat
🇺🇸 Georgians · United States
1030
+11
🇭🇰 Aztecs · Hong Kong SAR China
905
+17
🇨🇳 Varangians · China
859
+33
🇺🇸 Khmer · United States
782
+22
🇧🇷 Bohemians · Brazil
984
-46
🇧🇷 Celts · Brazil
911
-32
🇧🇷 Teutons · Brazil
889
-29
🇧🇷 Khmer · Brazil
879
-29
I Never Resign
4:51 Loom
12:11 Feudal Age
15:19 Horse Collar
15:35 Double-Bit Axe
22:59 Castle Age
21:35 Scale Barding Armor
21:41 Forging
23:02 Bloodlines
23:46 Husbandry
24:11 Chain Barding Armor
26:26 Light Cavalry
35:38 Wheelbarrow
35:57 Iron Casting
38:11 Hand Cart
42:53 Imperial Age
43:07 Cavalier
43:15 Capped Ram
44:37 Plate Barding Armor
45:03 Blast Furnace
46:11 Hussar
49:31 Fortified Wall
49:33 Masonry
49:33 Fletching
The Slayer
5:22 Loom
12:07 Feudal Age
13:32 Double-Bit Axe
13:30 Horse Collar
22:00 Castle Age
20:47 Gold Mining
21:10 Stone Mining
24:06 Bow Saw
25:12 Gold Shaft Mining
26:11 Wheelbarrow
25:42 Heavy Plow
26:23 Stone Shaft Mining
29:00 Hand Cart
30:57 Coinage
30:31 Caravan
34:05 Imperial Age
34:51 Forging
34:47 Scale Barding Armor
34:42 Padded Archer Armor
34:33 Fletching
34:43 Scale Mail Armor
35:36 Crop Rotation
36:24 Banking
37:03 Chain Barding Armor
37:19 Iron Casting
38:54 Leather Archer Armor
38:35 Bodkin Arrow
38:56 Chain Mail Armor
38:09 Elite Battle Elephant
39:46 Fortified Wall
39:32 Murder Holes
39:48 Masonry
40:02 Tusk Swords
40:23 Conscription
40:39 Hoardings
39:30 Elite Battle Elephant
40:11 Husbandry
40:22 Bloodlines
40:52 Plate Barding Armor
42:45 Town Watch
42:55 Guard Tower
43:11 Siege Engineers
44:07 Chemistry
43:38 Architecture
48:33 Blast Furnace
47:34 Bracer
48:04 Ring Archer Armor
49:37 Double Crossbow
49:12 Elite Ballista Elephant
hckwok823
4:56 Loom
有福之人
11:36 Feudal Age
12:47 Double-Bit Axe
12:51 Horse Collar
18:00 Castle Age
19:56 Bow Saw
20:31 Heavy Plow
21:37 Stone Mining
27:06 Stone Shaft Mining
26:22 Gold Mining
29:35 Wheelbarrow
28:51 Town Watch
28:51 Loom
30:45 Ballistics
30:06 Treadmill Crane
32:59 Imperial Age
30:46 Hand Cart
30:56 Forging
30:47 Scale Mail Armor
30:57 Town Patrol
32:30 Iron Casting
31:59 Squires
31:45 Gambesons
33:39 Masonry
34:47 Blast Furnace
34:02 Chain Mail Armor
36:20 Chain Mail Armor
35:55 Gothikon
36:02 Elite Varangian Guard
36:55 Arson
38:32 Chemistry
38:03 Architecture
38:50 Two-Man Saw
41:49 Guilds
41:40 Caravan
43:22 Plate Mail Armor
43:04 Siege Engineers
45:27 Elite Jarl
46:38 Vendel Legacy
Mikro
12:31 Feudal Age
17:34 Castle Age
15:29 Double-Bit Axe
15:41 Horse Collar
18:43 Loom
19:20 Bow Saw
19:12 Heavy Plow
22:35 Gold Mining
23:22 Stone Mining
25:08 Caravan
25:54 Wheelbarrow
26:12 Arson
26:28 Squires
26:13 Gambesons
27:50 Bloodlines
28:36 Forging
28:31 Scale Barding Armor
28:17 Fletching
42:55 Hand Cart
42:13 Elite Skirmisher
44:11 Padded Archer Armor
47:05 Leather Archer Armor
46:47 Bodkin Arrow
46:27 Pikeman
Sardinha
14:12 Feudal Age
17:31 Castle Age
15:17 Horse Collar
16:59 Double-Bit Axe
17:51 Wheelbarrow
19:24 Stone Mining
20:05 Bow Saw
20:24 Heavy Plow
25:24 Gold Mining
36:35 Imperial Age
37:09 Murder Holes
37:35 Ballistics
37:27 Fortified Wall
38:47 Tusk Swords
38:55 Tusk Swords
44:09 Imperial Age
41:55 Hand Cart
41:27 Loom
46:54 Bloodlines
48:36 Chemistry
49:19 Siege Engineers
supameN
13:26 Feudal Age
28:20 Castle Age
29:23 Pikeman
29:54 Pikeman
40:54 Double-Bit Axe
46:55 Bow Saw
47:03 Pikeman
joaovlogs
13:19 Feudal Age
18:50 Castle Age
16:41 Double-Bit Axe
22:07 Bow Saw
26:54 Wheelbarrow
28:38 Caravan
30:00 Ballistics
30:35 Hand Cart
34:54 Imperial Age
33:51 Pikeman
35:11 Arson
36:52 Chemistry
35:50 Man-at-Arms
36:45 Forging
38:21 Houfnice
39:38 Conscription
45:29 Loom
45:29 Town Watch
45:34 Arrowslits
45:17 Long Swordsman
45:58 Squires
46:37 Coinage
Connection lost

Rejoining the realm…

Still unreachable

The connection could not be restored.

Session expired

The server has moved on; the page needs a fresh start.